 Dungeon Crawl Stone Soup version 0.31.0-32-g396128a36d (webtiles) character file.

Game seed: 13681821155937345896

125181 unlimited1921 the Royal Jelly (level 16, -3/124 (127) HPs)
             Began as a Gnoll Fire Elementalist on Apr 22, 2024.
             Was the Champion of Jiyva.
             Slain by a +2 battleaxe of distortion (11 damage)
             ... on level 2 of the Elven Halls.
             The game lasted 04:06:56 (27319 turns).

unlimited1921 the Royal Jelly (GnFE)               Turns: 27319, Time: 04:06:57

HP:   -3/124 (127)  AC: 15    Str: 18    XL:     16   Next: 95%
MP:   0/32          EV: 28    Int: 21    God:    Jiyva [******]
Gold: 315           SH:  0    Dex: 23    Spells: 3/40 levels left

rFire   . . .        U - +11 plutonium sword {^Contam Stlth-}
rCold   + + +        (shield currently unavailable)
rNeg    . . .        d - +3 leather armour
rPois   +            D - +0 helmet
rElec   .            v - +0 cloak
rCorr   +            W - +0 pair of gloves of the Centaur {Harm rC+ Dex+2}
SInv    .            F - +0 pair of boots
Will    +....        S - amulet "Uhuoz" {Spirit Int+2 Dex+3}
Stlth   ++++++++     x - ring "Juhoreol" {Wiz rC++ Str+6 Dex-3}
HPRegen 2.00/turn    g - ring "Xilulaet" {rPois EV+5 Str+4 Dex-3 Stlth+}
MPRegen 1.03/turn

%: harm (+30% outgoing, +20% incoming), guardian spirit, wizardry (x1)
@: lightly drained
A: fangs 1, strong nose, distributed training, iridescent scales 1, thin
skeletal structure 3, agile 1, sense surroundings 1, wild magic 1, acidic bite,
gelatinous body 1, pseudopods 3, MP-powered wands, noise suppression
a: Renounce Religion, Oozemancy, Slimify


You were on level 2 of the Elven Halls.
You worshipped Jiyva.
Jiyva was exalted by your worship.
You visited 4 branches of the dungeon, and saw 22 of its levels.
You also visited: Sewer.

You collected 1313 gold pieces.
You spent 998 gold pieces at shops.

Inventory:

Hand Weapons
 t - a +3 scimitar of protection
 U - the +11 plutonium sword (weapon) {^Contam Stlth-}
   (You found it on level 9 of the Dungeon)

   ^Contam:   It causes magical contamination when unequipped.
   Stlth-:    It makes you less stealthy.
 Y - a +3 longbow of flaming
Missiles
 k - 13 poisoned darts
Armour
 d - a +3 leather armour (worn)
 e - a +2 kite shield
 i - a scarf of invisibility
 r - +0 steam dragon scales
 v - a +0 cloak (worn)
 w - a +0 chain mail
 z - a +3 plate armour of willpower
 A - a +0 pair of gloves of infusion
 D - a +0 helmet (worn)
 F - a +0 pair of boots (worn)
 I - a +0 troll leather armour
 J - a +8 chain mail of ponderousness
 P - a +2 chain mail of fire resistance
 T - a +0 leather armour of poison resistance
 V - a +2 scale mail of cold resistance
 W - the +0 pair of gloves of the Centaur (worn) {Harm rC+ Dex+2}
   (You found it on level 10 of the Dungeon)

   Dex+2:     It affects your dexterity (+2).
   rC+:       It protects you from cold.
   Harm:      It increases damage dealt and taken.
Jewellery
 g - the ring "Xilulaet" (right hand) {rPois EV+5 Str+4 Dex-3 Stlth+}
   (You found it on level 2 of the Lair of Beasts)

   [ring of evasion]

   EV+5:      It affects your evasion (+5).
   Str+4:     It affects your strength (+4).
   Dex-3:     It affects your dexterity (-3).
   rPois:     It protects you from poison Stlth+: It makes you more stealthy.
 q - a ring of flight
 s - a ring of resist corrosion
 x - the ring "Juhoreol" (left hand) {Wiz rC++ Str+6 Dex-3}
   (You found it on level 1 of the Lair of Beasts)

   [ring of wizardry]

   Wiz:       It improves your spell success rate.
   Str+6:     It affects your strength (+6).
   Dex-3:     It affects your dexterity (-3).
   rC++:      It greatly protects you from cold.
 y - a ring of protection from fire
 H - a +6 ring of strength
 M - a ring of wizardry
 S - the amulet "Uhuoz" (around neck) {Spirit Int+2 Dex+3}
   (You found it on level 3 of the Lair of Beasts)

   [amulet of guardian spirit]

   Spirit:    It causes incoming damage to be divided between your reserves of
   health and magic.
   Int+2:     It affects your intelligence (+2).
   Dex+3:     It affects your dexterity (+3).
Wands
 a - a wand of mindburst (8)
 E - a wand of iceblast (20) (quivered)
 Q - a wand of polymorph (7)
 Z - a wand of digging (21)
Scrolls
 h - 4 scrolls of poison
 n - 2 scrolls of brand weapon
 u - 3 scrolls of enchant armour
 K - 3 scrolls of acquirement
 L - 3 scrolls of fog
 N - 4 scrolls of revelation
 O - 4 scrolls of enchant weapon
 R - 2 scrolls of identify
Potions
 b - 3 potions of magic
 c - a potion of invisibility
 f - a potion of heal wounds
 j - 3 potions of enlightenment
 l - 4 potions of curing
 o - a potion of brilliance
 B - 3 potions of haste
 C - 2 potions of mutation
 G - 2 potions of resistance
 X - 3 potions of might


   Skills:
 + Level 11.6 Fighting
 + Level 11.6 Short Blades
 + Level 11.6 Long Blades
 + Level 11.6 Axes
 + Level 11.6 Maces & Flails
 + Level 11.6 Polearms
 + Level 11.6 Staves
 + Level 11.6 Ranged Weapons
 + Level 11.6 Throwing
 + Level 11.6 Armour
 + Level 12.5 Dodging
 + Level 12.4 Stealth
 + Level 11.6 Shields
 + Level 11.6 Unarmed Combat
 + Level 12.6 Spellcasting
 + Level 10.1 Conjurations
 + Level 9.8 Hexes
 + Level 9.8 Summonings
 + Level 9.8 Necromancy
 + Level 9.8 Translocations
 + Level 11.2 Fire Magic
 + Level 9.8 Ice Magic
 + Level 9.8 Air Magic
 + Level 9.8 Earth Magic
 + Level 9.8 Alchemy
 + Level 12.6 Invocations
 + Level 11.6 Evocations
 + Level 10.7 Shapeshifting


You had 3 spell levels left.
You knew the following spells:

 Your Spells              Type           Power      Damage    Failure   Level
a - Foxfire               Conj/Fire      100%       2x1d9     1%          1
b - Scorch                Fire           100%       2d9       1%          2
c - Call Canine Familiar  Summ           63%        N/A       1%          3
d - Inner Flame           Hex/Fire       66%        N/A       1%          3
e - Vampiric Draining     Necr           63%        2d10      1%          3
f - Summon Mana Viper     Hex/Summ       63%        N/A       1%          5
g - Borgnjor's Vile Clut  Necr/Erth      31%        N/A       1%          5
h - Anguish               Hex/Necr       31%        N/A       1%          4
i - Starburst             Conj/Fire      33%        6d10      6%          6
j - Summon Forest         Summ/Tloc      31%        N/A       1%          5

Your spell library contained the following spells:

 Spells                   Type           Power      Damage    Failure   Level
 Necrotise                Necr           100%       1d9       1%          1
 Summon Small Mammal      Summ           100%       N/A       1%          1
 Ensorcelled Hibernation  Hex/Ice        100%       N/A       1%          2
 Dazzling Flash           Conj/Hex       100%       N/A       1%          3
 Fugue of the Fallen      Necr           63%        N/A       1%          3
 Ozocubu's Armour         Ice            63%        N/A       1%          3
 Volatile Blastmotes      Fire/Tloc      100%       2d18      1%          3
 Animate Dead             Necr           63%        N/A       1%          4
 Flame Wave               Conj/Fire      66%        2d15      1%          4
 Manifold Assault         Tloc           63%        N/A       1%          4
 Martyr's Knell           Necr/Summ      63%        N/A       1%          4
 Summon Blazeheart Golem  Fire/Summ      66%        N/A       1%          4
 Curse of Agony           Necr           63%        N/A       1%          5
 Metabolic Englaciation   Hex/Ice        31%        N/A       1%          5
 Death Channel            Necr           31%        N/A       9%          6
 Sculpt Simulacrum        Ice/Alch       31%        N/A       9%          6
 Summon Cactus Giant      Summ           31%        N/A       9%          6
 Maxwell's Capacitive Co  Air            31%        ∞         95%         8


Dungeon Overview and Level Annotations

Branches:
Dungeon (13/15)            Temple (0/1) D:4            Lair (5/5) D:9
 Shoals (0/4) Lair:3       Spider (0/4) Lair:2        Slime (0/5) Lair:4
    Orc (2/2) D:11            Elf (2/3) Orc:2         Sewer (visited)
 Vaults: D:13-14

Altars:
Ashenzari
Makhleb
Okawaru
Sif Muna
Trog
Uskayaw
Jiyva

Shops:
D:2 :   D:10 :   Orc:2 (*[:[

Annotations:
D:13 Rupert
Elf:2 3 runed translucent doors, Xolotl's ghost, adept DsSh


Innate Abilities, Weirdness & Mutations

You have very sharp teeth.
Your uncanny sense of smell can sniff out nearby items.
Your experience applies equally to all skills.
You are partially covered in iridescent scales. (AC +2)
You have an unnaturally thin skeletal structure. (Dex +6, Stealth+++)
You are agile. (Dex +4, Str/Int -1)
You passively map a small area around you.
Your spells are a little harder to cast, but a little more powerful.
You have acidic saliva.
Your rubbery body absorbs attacks. (AC +1, EV +1)
Armour fits poorly on your massive pseudopods.
You expend magic power (3 MP) to strengthen your wands.
You passively dampen the noise of your surroundings.


Message History

Aiming: Borgnjor's Vile Clutch (mildly dangerous; 1% risk of failure)
Press: ? - help, Shift-Dir - straight line, f - +2 battleaxe of distortion
Aim: a +2 battleaxe of distortion (100% to hit)
Zombie hands grab the +2 battleaxe of distortion.
The zombie hands constrict the +2 battleaxe of distortion.
The +2 battleaxe of distortion hits you!
Space warps horribly around you!
The zombie hands constrict the +2 battleaxe of distortion, but do no damage.
The +2 battleaxe of distortion escapes!
Casting: Borgnjor's Vile Clutch (mildly dangerous; 1% risk of failure)
Confirm with . or Enter, or press ? or * to list all spells.
Aiming: Borgnjor's Vile Clutch (mildly dangerous; 1% risk of failure)
Press: ? - help, Shift-Dir - straight line, f/p - +2 battleaxe of distortion
Aim: a +2 battleaxe of distortion (lightly damaged, ally target, 100% to hit)
Zombie hands grab the +2 battleaxe of distortion.
Your mana viper is unaffected.
The zombie hands constrict the +2 battleaxe of distortion.
Your mana viper bites the +2 battleaxe of distortion!
The +2 battleaxe of distortion hits you!
* * * LOW HITPOINT WARNING * * *
The +2 battleaxe of distortion hits your mana viper!
Space warps around your mana viper.
Your mana viper bites the +2 battleaxe of distortion.
You miss the +0 dire flail of draining.
Your bludgeon misses the +0 dire flail of draining.
The zombie hands constrict the +2 battleaxe of distortion.
The +0 dire flail of draining hits you but does no damage.
You feel drained.
The +2 battleaxe of distortion hits you!!
* * * LOW HITPOINT WARNING * * *
Space warps around you.
* * * LOW HITPOINT WARNING * * *
The +2 battleaxe of distortion barely misses your mana viper.
The +0 dire flail of draining hits you.
* * * LOW HITPOINT WARNING * * *
You feel drained.
* * * LOW HITPOINT WARNING * * *
Your mana viper bites the +2 battleaxe of distortion but does no damage.
The +2 battleaxe of distortion hits you!
You die...

......** ...###.........##.......
.....## ##...##........######..##
......###...#*#........######.###
.....).#...# #.......###........
...........## #.......###.###.###
............#####...#.#...###.# #
.............###.....#.....##.###
.............##........)....#....
............[##.@...........#####
##.........S)##((................
##........#..S#...........######
.........##.'.#....8....#...###
........#'.'#...........#..... #
..........##.............##### .
..........##.............# .
.........##.............# .
.........###.....#.....##


You could see 2 dancing weapons and a friendly mana viper (summoned).

Vanquished Creatures
  Asterion (Elf:2)
  3 orc warlords (Orc:2)
  Nessos (D:12)
  A deep elf death mage (Elf:1)
  A dire elephant (Lair:4)
  Azrael (D:13)
  Snorg (D:13)
  2 peacekeepers (Elf:1)
  Harold (D:11)
  7 hydras
  Fannar (Lair:2)
  A merfolk avatar (Lair:5)
  3 boulder beetles
  A catoblepas (D:13)
  13 dancing weapons
  8 death yaks
  A two-headed ogre (D:9)
  An orc high priest (Orc:2)
  Urug (Lair:3)
  Sonja (D:9)
  Amaemon (Lair:1)
  12 deep elf knights
  3 skysharks
  3 sea snakes (Lair:5)
  5 deep elf archers
  6 orc knights
  3 large abominations (Elf:1)
  16 deep elf pyromancers
  17 deep elf zephyrmancers
  A harpy (Lair:5)
  2 necromancers (Elf:1)
  2 orc sorcerers (Orc:2)
  2 manticores
  A black mamba (Lair:5)
  3 kobold blastminers (Orc:2)
  3 cyclopes
  A merfolk siren (Lair:3)
  A meliai (Lair:4)
  32 elephants
  14 cane toads
  An orange demon (Lair:1)
  A torpor snail (Lair:5)
  Maggie (Lair:1)
  3 rime drakes
  9 komodo dragons
  3 unseen horrors
  An unseen horror skeleton (D:9)
  3 polar bears
  4 hornets
  6 trolls
  19 blink frogs
  3 dream sheep (Lair:3)
  A water elemental (Elf:1)
  A spriggan (Lair:5)
  6 fire elementals
  A shadow (D:10)
  A vampire (D:11)
  11 wyverns
  53 yaks
  5 wargs
  5 basilisks
  5 steam dragons
  3 vampire mosquitoes
  A redback (Lair:2)
  17 water moccasins
  5 hell hounds (D:13)
  28 orc warriors
  3 ice beasts
  3 sky beasts
  6 wolves
  2 centaurs
  10 ogres
  2 phantoms
  10 bullfrogs
  A gnoll sergeant (D:10)
  3 earth elementals
  2 scorpions
  6 wights
  10 killer bees
  2 howler monkeys
  2 electric eels (Lair:4)
  A crimson imp (D:12)
  A centaur zombie (D:9)
  16 jellies
  2 hounds
  14 orc priests
  3 sleepcaps
  5 hell rats (Lair:2)
  3 iguanas
  24 orc wizards
  Robin (D:4)
  3 gnolls
  A howler monkey skeleton (D:9)
  3 adders
  8 river rats
  A howler monkey simulacrum (D:9)
  4 ufetubi
  2 dart slugs
  5 ribbon worms
  65 orcs
  6 ball pythons
  12 endoplasms
  5 giant cockroaches
  17 goblins
  4 hobgoblins
  3 jackals (D:2)
  10 kobolds
  2 quokkas
  6 bats
  8 frilled lizards
  15 rats
687 creatures vanquished.

Vanquished Creatures (collateral kills)
  2 dancing weapons
  A two-headed ogre (D:9)
  An orc high priest (Orc:2)
  A deep elf knight (Elf:2)
  3 deep elf zephyrmancers
  An orc knight (Orc:2)
  5 deep elf pyromancers
  A large abomination (Elf:1)
  An unseen horror (D:12)
  An unseen horror skeleton (D:9)
  A troll (D:12)
  2 yaks
  A water moccasin (Lair:1)
  4 orc warriors (Orc:2)
  2 ogres (Orc:2)
  An elf zombie (Elf:1)
  An earth elemental (Elf:1)
  A howler monkey (D:12)
  An orc (Orc:2)
  5 foxfires
36 creatures vanquished.

Vanquished Creatures (others)
  A two-headed ogre (D:12)
  A deep elf knight (Elf:1)
  A slime creature (D:12)
  A vampire mosquito (D:9)
  2 water moccasins
  2 ogres
  An orc warrior (D:6)
  A kobold brigand (D:8)
  2 bullfrogs
  4 killer bees
  3 howler monkeys
  120 jellies
  2 orc priests
  2 orc wizards
  An adder (D:6)
  3 gnolls
  12 orcs
  2 endoplasms (D:4)
  2 ball pythons (D:4)
  3 kobolds (D:8)
  1299 foxfires
  3 snaplasher vines (Elf:1)
1468 creatures vanquished.

Grand Total: 2191 creatures vanquished

Notes
Turn   | Place    | Note
-------+----------+-------------------------------------------
     0 | D:1      | unlimited1921 the Gnoll Fire Elementalist began the quest
                  | for the Orb.
     0 | D:1      | Reached XP level 1. HP: 13/13 MP: 6/6
   533 | D:1      | Reached XP level 2. HP: 19/19 MP: 4/7
  1100 | D:1      | Learned a level 2 spell: Scorch
  1302 | D:1      | Reached skill level 5 in Spellcasting
  1302 | D:1      | Reached XP level 3. HP: 25/25 MP: 0/9
  2045 | D:2      | Reached skill level 1 in Invocations
  2731 | D:2      | Learned a level 3 spell: Call Canine Familiar
  3521 | D:2      | Reached skill level 1 in Fighting
  3521 | D:2      | Reached skill level 1 in Short Blades
  3521 | D:2      | Reached skill level 1 in Long Blades
  3521 | D:2      | Reached skill level 1 in Axes
  3521 | D:2      | Reached skill level 1 in Maces & Flails
  3521 | D:2      | Reached skill level 1 in Polearms
  3521 | D:2      | Reached skill level 1 in Staves
  3521 | D:2      | Reached skill level 1 in Ranged Weapons
  3521 | D:2      | Reached skill level 1 in Throwing
  3521 | D:2      | Reached skill level 1 in Armour
  3521 | D:2      | Reached skill level 1 in Shields
  3521 | D:2      | Reached skill level 1 in Unarmed Combat
  3521 | D:2      | Reached skill level 1 in Evocations
  4208 | D:2      | Found Ackuhaastro's Book Emporium.
  4415 | D:3      | Identified the +1 leather armour of Mumblety Peg {Rampage}
  4480 | D:3      | Reached skill level 1 in Shapeshifting
  4480 | D:3      | Reached XP level 4. HP: 32/32 MP: 4/11
  5080 | D:4      | Reached skill level 1 in Hexes
  5080 | D:4      | Reached skill level 1 in Summonings
  5080 | D:4      | Reached skill level 1 in Necromancy
  5080 | D:4      | Reached skill level 1 in Translocations
  5080 | D:4      | Reached skill level 1 in Ice Magic
  5080 | D:4      | Reached skill level 1 in Air Magic
  5080 | D:4      | Reached skill level 1 in Earth Magic
  5080 | D:4      | Reached skill level 1 in Alchemy
  5193 | D:4      | Reached XP level 5. HP: 35/37 MP: 4/12
  5194 | D:4      | Found a glowing drain.
  5203 | Sewer    | Entered a sewer
  5274 | Sewer    | Learned a level 3 spell: Inner Flame
  5278 | Sewer    | Learned a level 3 spell: Vampiric Draining
  6372 | Sewer    | Reached XP level 6. HP: 44/44 MP: 7/13
  6577 | Sewer    | Reached skill level 5 in Dodging
  6647 | Sewer    | Found a viscous altar of Jiyva.
  6670 | Sewer    | Became a worshipper of Jiyva Jenimeit the Shapeless
  7118 | D:4      | Noticed Robin
  7348 | D:4      | Killed Robin
  7546 | D:4      | Found a staircase to the Ecumenical Temple.
  7550 | D:4      | Reached * piety under Jiyva
  7965 | D:5      | Entered Level 5 of the Dungeon
  8127 | D:5      | Reached ** piety under Jiyva
  8236 | D:5      | Reached XP level 7. HP: 51/51 MP: 10/15
  8760 | D:5      | Reached skill level 5 in Stealth
  8861 | D:6      | Found a runed translucent door.
  8920 | D:6      | Reached *** piety under Jiyva
  8936 | D:6      | Reached XP level 8. HP: 58/58 MP: 13/16
  8978 | D:6      | Found a hide-covered altar of Uskayaw.
  8978 | D:6      | Found a shimmering blue altar of Sif Muna.
  9092 | D:6      | Found a burning altar of Makhleb.
  9097 | D:6      | Gained mutation: Your spells are a little harder to cast,
                  | but a little more powerful. [Jiyva's grace]
  9097 | D:6      | Gained mutation: Your spells are harder to cast, but more
                  | powerful. [Jiyva's grace]
  9097 | D:6      | Gained mutation: Your spells are much harder to cast, but
                  | much more powerful. [Jiyva's grace]
  9097 | D:6      | Gained mutation: You have a small jelly attached to you
                  | that may absorb projectiles. [Jiyva's grace]
  9355 | D:6      | Found a runed translucent door.
  9355 | D:6      | Found a runed translucent door.
  9356 | D:6      | Found a runed translucent door.
  9357 | D:6      | Found a runed translucent door.
  9357 | D:6      | Found a runed translucent door.
  9663 | D:7      | Reached **** piety under Jiyva
  9737 | D:7      | Found an iron altar of Okawaru.
  9743 | D:7      | Reached XP level 9. HP: 65/65 MP: 9/18
  9754 | D:7      | Found a broken altar of Ashenzari.
 10649 | D:8      | Killed an unseen horror
 10724 | D:8      | Reached ***** piety under Jiyva
 10956 | D:8      | Gained mutation: Your rubbery body absorbs attacks. (AC +1,
                  | EV +1) [Jiyva's grace]
 10956 | D:8      | Gained mutation: Your pliable body absorbs attacks. (AC +2,
                  | EV +2) [Jiyva's grace]
 10956 | D:8      | Gained mutation: Your gelatinous body deflects attacks. (AC
                  | +3, EV +3) [Jiyva's grace]
 10956 | D:8      | Gained mutation: You are robust. (+10% HP) [Jiyva's grace]
 11163 | D:8      | Reached skill level 5 in Invocations
 11436 | D:9      | Noticed a hornet
 11442 | D:9      | Killed a hornet
 11466 | D:9      | Found Kucan's Magic Scroll Boutique.
 11470 | D:9      | Bought a scroll of teleportation for 36 gold pieces
 11470 | D:9      | Bought a scroll of enchant weapon for 90 gold pieces
 11470 | D:9      | Bought a scroll of identify for 24 gold pieces
 11470 | D:9      | Bought a scroll of identify for 24 gold pieces
 11470 | D:9      | Bought a scroll of amnesia for 48 gold pieces
 11470 | D:9      | Bought a scroll of identify for 24 gold pieces
 11470 | D:9      | Bought a scroll of vulnerability for 48 gold pieces
 11493 | D:9      | Noticed a two-headed ogre
 11511 | D:9      | Reached skill level 5 in Fighting
 11511 | D:9      | Reached skill level 5 in Short Blades
 11511 | D:9      | Reached skill level 5 in Long Blades
 11511 | D:9      | Reached skill level 5 in Axes
 11511 | D:9      | Reached skill level 5 in Maces & Flails
 11511 | D:9      | Reached skill level 5 in Polearms
 11511 | D:9      | Reached skill level 5 in Staves
 11511 | D:9      | Reached skill level 5 in Ranged Weapons
 11511 | D:9      | Reached skill level 5 in Throwing
 11511 | D:9      | Reached skill level 5 in Armour
 11511 | D:9      | Reached skill level 5 in Shields
 11511 | D:9      | Reached skill level 5 in Unarmed Combat
 11511 | D:9      | Reached skill level 5 in Evocations
 11511 | D:9      | Reached XP level 10. HP: 59/81 MP: 13/20
 11527 | D:9      | Killed a two-headed ogre
 11561 | D:9      | Noticed a two-headed ogre
 11571 | D:9      | Killed a two-headed ogre
 11572 | D:9      | Reached skill level 5 in Conjurations
 11572 | D:9      | Reached skill level 5 in Shapeshifting
 11808 | D:9      | Found a staircase to the Lair.
 11902 | D:9      | Found the +11 plutonium sword {^Contam Stlth-}
 11908 | D:9      | Reached skill level 5 in Hexes
 11908 | D:9      | Reached skill level 5 in Summonings
 11908 | D:9      | Reached skill level 5 in Necromancy
 11908 | D:9      | Reached skill level 5 in Translocations
 11908 | D:9      | Reached skill level 5 in Ice Magic
 11908 | D:9      | Reached skill level 5 in Air Magic
 11908 | D:9      | Reached skill level 5 in Earth Magic
 11908 | D:9      | Reached skill level 5 in Alchemy
 11908 | D:9      | Reached XP level 11. HP: 88/89 MP: 13/22
 12141 | D:10     | Entered Level 10 of the Dungeon
 12141 | D:10     | Noticed Sonja
 12171 | D:9      | Killed Sonja
 12242 | D:9      | Learned a level 4 spell: Flame Wave
 12421 | D:10     | Found Camnalang's Vocational Training.
 12696 | D:10     | Found a bloodstained altar of Trog.
 12704 | D:10     | Identified the +0 pair of gloves of the Centaur {Harm rC+
                  | Dex+2}
 12842 | D:11     | Lost mutation: You are robust. (+10% HP) [Jiyva's grace]
 12842 | D:11     | Lost mutation: Your spells are much harder to cast, but
                  | much more powerful. [Jiyva's grace]
 12842 | D:11     | Lost mutation: You have a small jelly attached to you that
                  | may absorb projectiles. [Jiyva's grace]
 12842 | D:11     | Gained mutation: You are agile. (Dex +4, Str/Int -1)
                  | [Jiyva's grace]
 12842 | D:11     | Gained mutation: You are very agile. (Dex +8, Str/Int -2)
                  | [Jiyva's grace]
 12842 | D:11     | Gained mutation: You have a small jelly attached to you
                  | that may absorb projectiles. [Jiyva's grace]
 12842 | D:11     | Gained mutation: You have acidic saliva. [Jiyva's grace]
 12883 | D:11     | Found a staircase to the Orcish Mines.
 12944 | D:11     | Noticed Harold
 12966 | D:11     | Killed Harold
 13125 | D:11     | Reached ****** piety under Jiyva
 13155 | D:11     | Noticed a cyclops
 13165 | D:11     | Killed a cyclops
 13275 | D:11     | Noticed a manticore
 13282 | D:11     | Killed a manticore
 13348 | D:11     | Learned a level 5 spell: Borgnjor's Vile Clutch
 13371 | D:12     | Noticed Nessos
 13378 | D:12     | Killed Nessos
 13451 | D:12     | Killed a two-headed ogre
 13506 | D:12     | Noticed a manticore
 13514 | D:12     | Killed a manticore
 13542 | D:12     | Reached XP level 12. HP: 91/91 MP: 22/24
 13568 | D:12     | Noticed a boulder beetle
 13585 | D:12     | Killed a boulder beetle
 14107 | D:13     | Noticed Snorg
 14115 | D:13     | Killed Snorg
 14168 | D:13     | Noticed a boulder beetle
 14179 | D:13     | Killed a boulder beetle
 14221 | D:13     | Learned a level 4 spell: Anguish
 14285 | D:13     | Noticed Azrael
 14318 | D:13     | Killed Azrael
 14428 | D:13     | Noticed a catoblepas
 14442 | D:13     | Noticed Rupert
 14458 | D:13     | Killed a catoblepas
 14506 | D:13     | Paralysed by Rupert for 5 turns
 14516 | D:13     | Paralysed by Rupert for 3 turns
 14982 | Lair:1   | Entered Level 1 of the Lair of Beasts
 15037 | Lair:2   | Noticed a skyshark
 15037 | Lair:2   | Lost mutation: You have a small jelly attached to you that
                  | may absorb projectiles. [Jiyva's grace]
 15037 | Lair:2   | Gained mutation: You are partially covered in iridescent
                  | scales. (AC +2) [Jiyva's grace]
 15037 | Lair:2   | Gained mutation: You are mostly covered in iridescent
                  | scales. (AC +4) [Jiyva's grace]
 15037 | Lair:2   | Gained mutation: You are completely covered in iridescent
                  | scales. (AC +6) [Jiyva's grace]
 15037 | Lair:2   | Gained mutation: You are covered in slimy tendrils that may
                  | disarm your opponents. [Jiyva's grace]
 15049 | Lair:2   | Killed a skyshark
 15259 | Lair:2   | Identified the ring "Xilulaet" {rPois EV+5 Str+4 Dex-3
                  | Stlth+}
 15553 | Lair:1   | Identified the ring "Juhoreol" {Wiz rC++ Str+6 Dex-3}
 15665 | Lair:1   | Noticed Maggie
 15671 | Lair:1   | Killed Maggie
 15684 | Lair:1   | Reached XP level 13. HP: 98/98 MP: 26/26
 15861 | Lair:1   | Noticed Amaemon
 15868 | Lair:1   | Killed Amaemon
 16034 | Lair:1   | Identified a scroll of acquirement
 16153 | Lair:1   | Gained mutation: You passively map a small area around you.
                  | [Jiyva's grace]
 16153 | Lair:1   | Gained mutation: You passively map the area around you.
                  | [Jiyva's grace]
 16153 | Lair:1   | Gained mutation: You passively map a large area around you.
                  | [Jiyva's grace]
 16153 | Lair:1   | Gained mutation: You expend magic power (3 MP) to
                  | strengthen your wands. [Jiyva's grace]
 16567 | Lair:2   | Noticed Fannar
 16572 | Lair:2   | Killed Fannar
 16857 | Lair:1   | Reached skill level 10 in Spellcasting
 16928 | Lair:2   | Found a hole to the Spider Nest.
 17091 | Lair:3   | Found a staircase to the Shoals.
 17247 | Lair:3   | Reached skill level 10 in Dodging
 17433 | Lair:3   | Reached skill level 10 in Stealth
 17440 | Lair:3   | Identified the amulet "Uhuoz" {Spirit Int+2 Dex+3}
 17827 | Lair:3   | Noticed Urug
 17834 | Lair:3   | Killed Urug
 17835 | Lair:3   | Reached skill level 10 in Invocations
 17835 | Lair:3   | Reached XP level 14. HP: 108/108 MP: 16/28
 18564 | Lair:4   | Lost mutation: You are very agile. (Dex +8, Str/Int -2)
                  | [Jiyva's grace]
 18564 | Lair:4   | Lost mutation: You passively map a large area around you.
                  | [Jiyva's grace]
 18564 | Lair:4   | Lost mutation: You passively map the area around you.
                  | [Jiyva's grace]
 18564 | Lair:4   | Lost mutation: You are covered in slimy tendrils that may
                  | disarm your opponents. [Jiyva's grace]
 18564 | Lair:4   | Gained mutation: You have a somewhat thin skeletal
                  | structure. (Dex +2, Stealth+) [Jiyva's grace]
 18564 | Lair:4   | Gained mutation: You have a moderately thin skeletal
                  | structure. (Dex +4, Stealth++) [Jiyva's grace]
 18564 | Lair:4   | Gained mutation: You have an unnaturally thin skeletal
                  | structure. (Dex +6, Stealth+++) [Jiyva's grace]
 18564 | Lair:4   | Gained mutation: You are covered in slimy tendrils that may
                  | disarm your opponents. [Jiyva's grace]
 18712 | Lair:4   | Noticed a dire elephant
 18746 | Lair:4   | Killed a dire elephant
 18969 | Lair:4   | Found a staircase to the Slime Pits.
 18970 | Lair:4   | Found a viscous altar of Jiyva.
 19667 | Lair:5   | Entered Level 5 of the Lair of Beasts
 19710 | Lair:5   | Reached skill level 10 in Fire Magic
 19730 | Lair:5   | Reached skill level 10 in Fighting
 19730 | Lair:5   | Reached skill level 10 in Short Blades
 19730 | Lair:5   | Reached skill level 10 in Long Blades
 19730 | Lair:5   | Reached skill level 10 in Axes
 19730 | Lair:5   | Reached skill level 10 in Maces & Flails
 19730 | Lair:5   | Reached skill level 10 in Polearms
 19730 | Lair:5   | Reached skill level 10 in Staves
 19730 | Lair:5   | Reached skill level 10 in Ranged Weapons
 19730 | Lair:5   | Reached skill level 10 in Throwing
 19730 | Lair:5   | Reached skill level 10 in Armour
 19730 | Lair:5   | Reached skill level 10 in Shields
 19730 | Lair:5   | Reached skill level 10 in Unarmed Combat
 19730 | Lair:5   | Reached skill level 10 in Evocations
 19770 | Lair:5   | Reached XP level 15. HP: 115/115 MP: 21/30
 19813 | Lair:5   | Learned a level 6 spell: Starburst
 20668 | Lair:5   | Lost mutation: You are completely covered in iridescent
                  | scales. (AC +6) [Jiyva's grace]
 20668 | Lair:5   | Lost mutation: You are mostly covered in iridescent scales.
                  | (AC +4) [Jiyva's grace]
 20668 | Lair:5   | Lost mutation: Your spells are harder to cast, but more
                  | powerful. [Jiyva's grace]
 20668 | Lair:5   | Gained mutation: You passively dampen the noise of your
                  | surroundings. [Jiyva's grace]
 20668 | Lair:5   | Gained mutation: Armour fits poorly on your pseudopods.
                  | [Jiyva's grace]
 20668 | Lair:5   | Gained mutation: Armour fits poorly on your large
                  | pseudopods. [Jiyva's grace]
 20668 | Lair:5   | Gained mutation: Armour fits poorly on your massive
                  | pseudopods. [Jiyva's grace]
 21066 | D:2      | Bought a book of the Wilderness for 494 gold pieces
 21072 | D:2      | Learned a level 5 spell: Summon Forest
 21079 | D:2      | Learned a level 5 spell: Summon Mana Viper
 21321 | Orc:1    | Entered Level 1 of the Orcish Mines
 21342 | D:11     | Was placed under penance by Jiyva
 22032 | Orc:1    | Lost mutation: You are covered in slimy tendrils that may
                  | disarm your opponents. [the all-consuming vengeance of
                  | Jiyva]
 22134 | Orc:1    | Was forgiven by Jiyva
 22253 | Orc:1    | Was placed under penance by Jiyva
 22515 | Orc:2    | Entered Level 2 of the Orcish Mines
 22515 | Orc:2    | Was forgiven by Jiyva
 22521 | Orc:2    | Noticed an orc warlord
 22598 | Orc:2    | Killed an orc warlord
 22610 | Orc:2    | Was placed under penance by Jiyva
 22817 | Orc:2    | Found Bipha Oqolu's Antique Weapon Emporium.
 23469 | Orc:2    | Lost mutation: Your gelatinous body deflects attacks. (AC
                  | +3, EV +3) [the all-consuming vengeance of Jiyva]
 23651 | Orc:2    | Found Motimu's General Store.
 23653 | Orc:2    | Noticed an orc warlord
 23671 | Orc:2    | Lost mutation: Your pliable body absorbs attacks. (AC +2,
                  | EV +2) [the all-consuming vengeance of Jiyva]
 23683 | Orc:2    | Killed an orc warlord
 23784 | Orc:2    | Found Biol's Antique Armour Shoppe.
 23790 | Orc:2    | Bought a potion of might for 48 gold pieces
 23796 | Orc:2    | Was forgiven by Jiyva
 23829 | Orc:2    | Found Jushan's Book Shop.
 23844 | Orc:2    | Found Xempiugue's Armour Emporium.
 24059 | Orc:2    | Found a staircase to the Elven Halls.
 24155 | Orc:2    | Bought a +0 pair of gloves of infusion for 138 gold pieces
 24155 | Orc:2    | Bought a scroll of identify for 24 gold pieces
 24236 | Orc:2    | Noticed an orc warlord
 24240 | Orc:2    | Paralysed by an orc sorcerer for 4 turns
 24252 | Orc:2    | Killed an orc warlord
 24518 | Elf:1    | Entered Level 1 of the Elven Halls
 24531 | Elf:1    | Reached skill level 10 in Shapeshifting
 24738 | Elf:1    | Reached XP level 16. HP: 124/124 MP: 32/32
 25380 | Elf:1    | Got Miebloup's Compendium of Evil
 26016 | Elf:2    | Found a runed translucent gate.
 26384 | Elf:2    | Found a runed translucent gate.
 26384 | Elf:2    | Found a runed translucent gate.
 26384 | Elf:2    | Found a runed translucent gate.
 26387 | Elf:2    | Noticed Asterion
 26410 | Elf:2    | Reached skill level 10 in Conjurations
 26410 | Elf:2    | Noticed an Executioner
 26410 | Elf:2    | Killed Asterion
 26495 | Elf:2    | Found a runed translucent gate.
 26495 | Elf:2    | Found a runed translucent gate.
 26600 | Elf:2    | Noticed a deep elf blademaster
 26601 | Elf:2    | Noticed a deep elf master archer
 26602 | Elf:2    | Noticed Xolotl's ghost (adept DsSh)
 26604 | Elf:2    | Found an iron altar of Okawaru.
 27319 | Elf:2    | Slain by a +2 battleaxe of distortion

Illustrated notes

Levels and vault maps discovered:
D:1:      co_arrival_random_square_maze, layout_basic
D:2:      layout_basic, serial_shops, nicolae_shop_back_alley_shop
D:3:      layout_rooms
D:4:      layout_cave_pools, minmay_temple_entry_arrows,
          lightli_sewer_entry_pipes, chequers_mini_garden, minivault_1,
          uniq_robin
D:5:      layout_basic, columned_hall_lemuel, lemuel_flamethrower_2
D:6:      layout_rooms, mainiacjoe_overflow_concentric_impassable,
          gammafunk_temple_overflow_pools, kennysheep_path_1,
          lightli_church_of_beogh
D:7:      layout_cave_pods, jmf_multi_god_temple
D:8:      nicolae_cairo_tiling_very_big, layout_basic, minivault_10
D:9:      layout_rooms, minmay_lair_entry_grove, serial_shops,
          nicolae_shop_behind_doors, hangedman_decor_lopped,
          chequers_decorated_corner, hangedman_weighted_door
D:10:     layout_irregular_city, mainiacjoe_overflow_six_doors_small,
          nicolae_shop_vocational, uniq_sonja
D:11:     layout_basic, minmay_orc_entry_guard_dogs, uniq_harold
D:12:     layout_irregular_city, uniq_nessos
D:13:     layout_roguey, uniq_rupert, uniq_azrael, uniq_snorg
Lair:1:   layout_long_grid, infiniplex_staircase_pool_2, uniq_maggie,
          uniq_amaemon
Lair:2:   layout_chaotic_city, spider_nest_entry_webs, grunt_megastairs_2,
          uniq_fannar
Lair:3:   nzn_winding_woodlands_cross [nzn_winding_woodlands_5x15_garden,
          nzn_winding_woodlands_5x15_sidewinder,
          nzn_winding_woodlands_5x15_pathside_ponds,
          nzn_winding_woodlands_5x15_sawtooth,
          nzn_winding_woodlands_15x15_five_gardens], layout_cave_pods,
          minmay_shoals_entry_lonely_mermaid, cheibrodos_lair_caveside_slide,
          uniq_urug
Lair:4:   beast_lair_carwin_large_2, layout_loops_ring, slime_entry_1,
          serial_bayou, serial_bayou_pond_a, serial_bayou_crossing,
          serial_bayou_lagoon_b, serial_bayou_pond_a
Lair:5:   gammafunk_lair_ancient_temple, layout_hall_layers
Orc:1:    layout_caves, uniq_nergalle
Orc:2:    grunt_orc_gardens, layout_caves, grunt_orc_garden, grunt_orc_garden,
          grunt_orc_garden, grunt_orc_garden, serial_shops, shop, elf_legates
Elf:1:    elf_arrival_002, layout_geoelf_octagon,
          portal_desolation_entry_twin_temple, minmay_elf_necromancy
Elf:2:    elven_hall_of_blades_hangedman_original [mumra_blade_entry_bloodbath],
          layout_loops_corners, gammafunk_ghost_fury_of_okawaru, uniq_asterion

Skill      XL: |  1  2  3  4  5  6  7  8  9 10 11 12 13 14 15 16 |
---------------+-------------------------------------------------+-----
Conjurations   | 2 3 4 5 6 7 8 9 10 | 10.1
Spellcasting   | 5 6 7 8 9 10 11 12 | 12.6
Invocations    | 1 2 3 4 5 6 7 8 10 11 12 | 12.6
Fighting       | 1 2 3 5 6 7 8 9 10 11 | 11.6
Short Blades   | 1 2 3 5 6 7 8 9 10 11 | 11.6
Long Blades    | 1 2 3 5 6 7 8 9 10 11 | 11.6
Axes           | 1 2 3 5 6 7 8 9 10 11 | 11.6
Maces & Flails | 1 2 3 5 6 7 8 9 10 11 | 11.6
Polearms       | 1 2 3 5 6 7 8 9 10 11 | 11.6
Staves         | 1 2 3 5 6 7 8 9 10 11 | 11.6
Ranged Weapons | 1 2 3 5 6 7 8 9 10 11 | 11.6
Throwing       | 1 2 3 5 6 7 8 9 10 11 | 11.6
Armour         | 1 2 3 5 6 7 8 9 10 11 | 11.6
Shields        | 1 2 3 5 6 7 8 9 10 11 | 11.6
Unarmed Combat | 1 2 3 5 6 7 8 9 10 11 | 11.6
Evocations     | 1 2 3 5 6 7 8 9 10 11 | 11.6
Shapeshifting  | 1 2 3 4 5 6 7 8 9 10 | 10.7
Hexes          | 1 2 3 4 5 6 7 8 9 |  9.8
Summonings     | 1 2 3 4 5 6 7 8 9 |  9.8
Necromancy     | 1 2 3 4 5 6 7 8 9 |  9.8
Translocations | 1 2 3 4 5 6 7 8 9 |  9.8
Ice Magic      | 1 2 3 4 5 6 7 8 9 |  9.8
Air Magic      | 1 2 3 4 5 6 7 8 9 |  9.8
Earth Magic    | 1 2 3 4 5 6 7 8 9 |  9.8
Alchemy        | 1 2 3 4 5 6 7 8 9 |  9.8
Dodging        | 5 6 7 8 9 10 11 12 | 12.5
Stealth        | 5 6 7 8 9 10 11 12 | 12.4
Fire Magic     | 6 7 8 9 10 11 | 11.2

Action                     |  1- 3 |  4- 6 |  7- 9 | 10-12 | 13-15 | 16-18 || total
---------------------------+-------+-------+-------+-------+-------+-------++-------
  Melee: Short sword       |    12 |    83 |    36 |     4 |       |       ||   135
         Bite              |     1 |     7 |    11 |     8 |    51 |    10 ||    88
         Punch             |       |     1 |     2 |       |       |       ||     3
         Triple sword      |       |       |       |    31 |   320 |    74 ||   425
         Pseudopods        |       |       |       |       |    26 |    19 ||    45
  Throw: Dart              |       |       |       |     6 |     4 |       ||    10
   Cast: Foxfire           |    77 |    89 |   116 |   152 |   318 |    24 ||   776
         Scorch            |     8 |    37 |    74 |   106 |    76 |    10 ||   311
         Call Canine Famil |       |     1 |     2 |    16 |     9 |       ||    28
         Inner Flame       |       |       |     8 |    39 |    79 |    18 ||   144
         Vampiric Draining |       |       |     1 |     8 |     5 |       ||    14
         Flame Wave        |       |       |       |     7 |     7 |       ||    14
         Borgnjor's Vile C |       |       |       |    20 |    79 |    46 ||   145
         Anguish           |       |       |       |     4 |     1 |       ||     5
         Starburst         |       |       |       |       |    21 |    11 ||    32
         Summon Mana Viper |       |       |       |       |    10 |    28 ||    38
         Summon Forest     |       |       |       |       |     3 |     4 ||     7
  Evoke: Wand              |       |       |       |     5 |     1 |     4 ||    10
    Use: Scroll            |       |       |     9 |     8 |     5 |     6 ||    28
         Potion            |       |       |     1 |     6 |       |     7 ||    14
   Stab: Sleeping          |       |       |       |       |     5 |     1 ||     6
         Distracted        |       |       |       |       |     1 |     4 ||     5
 Armour: Robe              |     4 |       |       |       |       |       ||     4
         Leather armour    |       |    54 |    86 |    65 |    45 |   119 ||   369
         Steam dragon scal |       |       |       |    90 |   144 |       ||   234
  Dodge: Dodged            |     8 |    48 |    80 |   215 |   501 |   132 ||   984
